 Dungeon Crawl Stone Soup version 0.28-a0-1233-g92def6ad0a (webtiles) character file.

Game seed: 5987755438018197086

8706 1994 the Nimble (level 11, 0/50 HPs)
             Began as a Felid Venom Mage on Dec 23, 2021.
             Was an Elder of Sif Muna.
             Slain by a troll simulacrum (9 damage)
             ... in an ice cave.
             The game lasted 01:16:44 (26921 turns).

1994 the Nimble (Felid Venom Mage)                 Turns: 26921, Time: 01:16:44

Health: 0/50       AC:  3    Str:  4    XL:     11   Next: 13%
Magic:  30/30      EV: 25    Int: 21    God:    Sif Muna [****..]
Gold:   522        SH:  5    Dex: 15    Spells: 8/22 levels left
                                        Lives:  0   Deaths: 3

rFire   + . .      SeeInvis +     - Unarmed
rCold   + + .      Faith    .   (shield unavailable)
rNeg    . . .      Spirit   .   (armour unavailable)
rPois   .          Reflect  +   (helmet unavailable)
rElec   .          Harm     .   (cloak unavailable)
rCorr   .          Rampage  .   (gloves unavailable)
Will    +....                   (boots unavailable)
Stlth   +++++.....              e - amulet of reflection
HPRegen 0.16/turn               C - ring of Naheu {Fly rF+ rC+ Dex-2}
MPRegen 0.22/turn               f - ring of magical power

@: flying, quick
A: very small, claws 1, fangs 3, see invisible, speed 1, shaggy fur 3, stealthy
paws, no weapons or thrown items, no armour, multi-lived
a: Renounce Religion, Channel Magic, Forget Spell, Divine Exegesis


You were in an ice cave.
You worshipped Sif Muna.
Sif Muna was greatly pleased with you.
You visited 2 branches of the dungeon, and saw 12 of its levels.
You also visited: Bailey and Ice Cave.

You collected 930 gold pieces.
You spent 408 gold pieces at shops.

Inventory:

Jewellery
 e - an amulet of reflection (around neck)
 f - a ring of magical power (right paw)
 m - a ring of poison resistance
 z - a ring of magical power
 C - the ring of Naheu (left paw) {Fly rF+ rC+ Dex-2}
   (You bought it in a shop on level 3 of the Dungeon)

   [ring of protection from cold]

   Dex:       It affects your dexterity (-2).
   rF:        It protects you from fire.
   rC:        It protects you from cold.
   Fly:       It grants you flight.
Wands
 g - a wand of flame (3)
 p - a wand of acid (3)
 r - a wand of charming (5)
 H - a wand of iceblast (5)
Scrolls
 d - a scroll of immolation {unknown}
 i - 2 scrolls of amnesia {unknown}
 k - a scroll of vulnerability {unknown}
 n - 2 scrolls of enchant weapon {unknown}
 s - a scroll of summoning {unknown}
 t - a scroll of silence {unknown}
 u - 3 scrolls of teleportation
 w - a scroll of fear
 x - 4 scrolls of blinking
 y - 3 scrolls of fog
Potions
 a - 4 potions of brilliance
 b - a potion of invisibility
 c - 2 potions of resistance
 h - 2 potions of might
 l - a potion of ambrosia
 o - 4 potions of curing
 q - a potion of attraction
 v - 2 potions of haste
 B - a potion of magic
 D - 2 potions of cancellation
 E - 2 potions of mutation
 G - a potion of lignification
Miscellaneous
 F - a condenser vane


   Skills:
 + Level 7.3 Fighting
 * Level 13.2 Dodging
 + Level 11.7 Stealth
 * Level 9.2 Unarmed Combat
 + Level 6.1 Spellcasting
 - Level 3.5 Conjurations
 - Level 4.5 Transmutations
 - Level 3.5 Air Magic
 * Level 8.9 Poison Magic
 + Level 4.1 Invocations
 - Level 4.0 Evocations


You had 8 spell levels left.
You knew the following spells:

 Your Spells              Type           Power      Damage    Failure   Level
a - Sting                 Tmut/Pois      100%       1d8       1%          1
b - Poisonous Vapours     Pois/Air       64%        N/A       1%          2
c - Mephitic Cloud        Conj/Pois/Air  28%        N/A       3%          3
d - Beastly Appendage     Tmut           50%        N/A       1%          1
e - Olgreb's Toxic Radia  Pois           43%        N/A       2%          4
f - Spider Form           Tmut/Pois      34%        N/A       1%          3

Your spell library contained the following spells:

 Spells                   Type           Power      Damage    Failure   Level
 Magic Dart               Conj           84%        1d7       2%          1
 Wereblood                Tmut           25%        N/A       2%          2
 Call Imp                 Summ           6%         N/A       14%         2


Dungeon Overview and Level Annotations

Branches:
Dungeon (11/15)            Temple (1/1) D:7          Bailey (visited)
  IceCv (1/1)
   Lair: D:8-11         Orc: D:9-12

Altars:
Ashenzari
Cheibriados
Dithmenos
Elyvilon
Fedhas
Gozag
Hepliaklqana
Kikubaaqudgha
Makhleb
Nemelex Xobeh
Okawaru
Qazlal
Ru
Sif Muna
Trog
Uskayaw
Vehumet
Wu Jian
Xom
Yredelemnul
Zin
The Shining One

Shops:
D:3 =   D:7 [**

Annotations:
IceCv exclusion: ice statue


Innate Abilities, Weirdness & Mutations

You have sharp claws.
You have razor-sharp teeth.
You have supernaturally acute eyesight. (SInv)
You cover ground quickly. (Speed+)
Your thick and shaggy fur keeps you warm. (AC +3, rC+)
Your paws help you pounce on unaware monsters.
You are incapable of wielding weapons or throwing items.
You cannot wear armour.
You gain extra lives every three experience levels.


Message History

The death yak simulacrum misses you.
You claw the death yak simulacrum!
The death yak simulacrum is heavily damaged.
The death yak simulacrum completely misses you.
Really fly into a travel-excluded area?
You scratch the ice beast.
The ice beast is lightly wounded.
You block the ice beast's attack. The ice statue gestures at you.
The freezing blast engulfs the ice beast.
The ice beast completely resists.
Unknown command.
You are engulfed in freezing vapours.
You resist. The ice beast hits you. The ice beast freezes you. You resist.
The ice statue gestures at you. The shard of ice misses you.
You are engulfed in freezing vapours.
You resist. The ice beast completely misses you.
Unknown command.
You are engulfed in freezing vapours.
You resist. The ice statue gestures at you. The shard of ice misses you.
You see here the felid corpse of 1994.
A two-headed ogre simulacrum comes into view. 2 simulacra come into view.
Unknown command.
The troll simulacrum completely misses you.
The troll simulacrum misses you. x2
Unknown command.
Unknown command.
The ice beast hits you but does no damage.
The troll simulacrum closely misses you. x2
The troll simulacrum claws you!
* * * LOW HITPOINT WARNING * * *
The troll simulacrum freezes you. You resist.
* * * LOW HITPOINT WARNING * * *
The troll simulacrum closely misses you.
The troll simulacrum completely misses you.
The troll simulacrum claws you!
You die...

#......##≈≈≈≈≈≈≈≈#
)##.#.###≈≈≈≈≈≈≈#.#
[.##### ##≈≈≈≈≈≈#Z##
).## ###≈≈≈≈≈≈##.#
...# ##.##≈≈#≈≈##.#
...# ##....#≈##≈#..#
..####..##....###YZ#
...##..###.#.###YZ.#
.......# #.### #@Z.#
......## ##..###ZZ##
#.....# #.###..##
#....## ##4##Y##
#....# #.##..#
##..## ##.##.##
##.## ##4##..## #.##
##.####Y.# .## #.##
##.#


You could see 3 ice beasts, a spriggan simulacrum (dormant), a naga simulacrum,
a two-headed ogre simulacrum and 2 troll simulacra.

Vanquished Creatures
  An orc warlord (Bailey)
  An ogre mage (D:8)
  A death knight (D:8)
  A two-headed ogre (D:7)
  Pikel (D:8)
  A deep elf pyromancer (D:8)
  4 orc knights (Bailey)
  2 ugly things
  Maurice (D:10)
  Joseph (D:10)
  A troll (D:9)
  An entropy weaver simulacrum (IceCv)
  A hornet (D:9)
  A shadow (D:9)
  A wyvern (D:8)
  8 yaks (D:10)
  Grum (D:8)
  The ghost of ChaosChampion the Ruffian, an amateur DrTm (D:3)
  4 vampire mosquitoes (D:10)
  A harpy simulacrum (IceCv)
  3 steam dragons
  An acid dragon (D:9)
  13 orc warriors
  A necrophage (D:5)
  4 centaurs
  4 wolves (D:8)
  3 ogres
  A lemure (D:8)
  2 phantoms
  A kobold brigand (D:7)
  4 bullfrogs
  2 wyvern zombies
  A scorpion (shapeshifter) (D:8)
  4 scorpions
  3 two-headed ogre simulacra (IceCv)
  9 killer bees
  9 wights (D:8)
  2 howler monkeys
  A bullfrog skeleton (D:6)
  2 jellies
  An orc priest (D:7)
  3 centaur zombies
  A hound (D:5)
  A gnoll shaman (D:6)
  Jessica (D:2)
  A centaur skeleton (D:5)
  3 iguanas
  5 orc wizards
  6 spriggan simulacra (IceCv)
  2 polar bear simulacra (IceCv)
  7 troll simulacra (IceCv)
  3 wolf simulacra (IceCv)
  A killer bee zombie (D:6)
  3 howler monkey zombies
  2 howler monkey skeletons
  20 gnolls
  6 adders
  4 naga simulacra (IceCv)
  10 white imps
  6 ufetubi (IceCv)
  An adder skeleton (D:4)
  A worm (D:3)
  2 dart slugs (D:1)
  41 orcs
  3 endoplasms
  5 giant cockroaches
  17 hobgoblins
  4 jackals (D:1)
  A quokka (D:5)
  7 ball pythons
  3 bats
  3 frilled lizards (D:2)
  25 goblins
  10 kobolds
  6 rats
319 creatures vanquished.

Vanquished Creatures (collateral kills)
  An orc warrior (D:7)
1 creature vanquished.

Vanquished Creatures (others)
  A centaur (D:8)
  A gnoll shaman (D:8)
  A plant (D:2)
3 creatures vanquished.

Grand Total: 323 creatures vanquished

Notes
Turn   | Place    | Note
-------+----------+-------------------------------------------
     0 | D:1      | 1994 the Felid Venom Mage began the quest for the Orb.
     0 | D:1      | Reached XP level 1. HP: 7/7 MP: 4/4
   326 | D:1      | Reached XP level 2. HP: 11/11 MP: 3/6
   332 | D:1      | Learned a level 2 spell: Poisonous Vapours
   616 | D:1      | Reached skill level 3 in Dodging
  1140 | D:2      | Noticed Jessica
  1160 | D:2      | Killed Jessica
  1161 | D:2      | Reached XP level 3. HP: 15/15 MP: 7/7
  1390 | D:2      | Noticed a scorpion
  1398 | D:2      | Killed a scorpion
  1399 | D:2      | Reached skill level 1 in Air Magic
  1399 | D:2      | Reached XP level 4. HP: 18/18 MP: 8/8
  1543 | D:2      | Learned a level 3 spell: Mephitic Cloud
  1914 | D:2      | Found a faded altar of an unknown god.
  2511 | D:3      | Reached XP level 5. HP: 16/21 MP: 9/9
  2675 | D:3      | Reached skill level 1 in Unarmed Combat
  2794 | D:3      | Reached skill level 1 in Fighting
  3020 | D:3      | Found Edgheetsuja's Jewellery Shoppe.
  3373 | D:3      | Found a large runed translucent door.
  3373 | D:3      | Found a large runed translucent door.
  3374 | D:3      | Noticed ChaosChampion's ghost (amateur DrTm)
  3464 | D:4      | Found a large runed translucent door.
  3464 | D:4      | Found a large runed translucent door.
  3602 | D:4      | Found a sacrificial altar of Ru.
  3663 | D:4      | Learned a level 1 spell: Beastly Appendage
  3914 | D:4      | Noticed a phantom
  4099 | D:4      | Noticed an ogre
  4117 | D:4      | Killed an ogre
  4118 | D:4      | Reached skill level 4 in Dodging
  4210 | D:4      | Gained mutation: You are covered in thick fur. (AC +2)
                  | [Felid growth]
  4210 | D:4      | Reached XP level 6. HP: 25/25 MP: 10/10
  4395 | D:4      | Found a radiant altar of Vehumet.
  4431 | D:4      | Found a broken altar of Ashenzari.
  4536 | D:5      | Entered Level 5 of the Dungeon
  5996 | D:5      | Found a basalt altar of Yredelemnul.
  6213 | D:6      | Reached skill level 5 in Stealth
  6213 | D:6      | Reached XP level 7. HP: 9/28 MP: 11/11
  6698 | D:6      | Found a bloodstained altar of Trog.
  6721 | D:6      | Noticed a steam dragon
  7431 | D:6      | Killed a steam dragon
  7432 | D:6      | Reached skill level 5 in Dodging
  7863 | D:6      | Reached skill level 1 in Conjurations
  8323 | D:6      | Learned a level 4 spell: Olgreb's Toxic Radiance
  8372 | D:7      | Found Pidduo's Armour Boutique.
  8799 | D:6      | Reached XP level 8. HP: 33/33 MP: 13/13
  8924 | D:7      | Found a staircase to the Ecumenical Temple.
  9304 | Temple   | Entered the Ecumenical Temple
  9604 | Temple   | Became a worshipper of Sif Muna the Loreminder
 10043 | D:7      | Noticed a two-headed ogre
 10071 | D:7      | Killed a two-headed ogre
 10072 | D:7      | Reached skill level 6 in Dodging
 10072 | D:7      | Reached skill level 5 in Poison Magic
 10072 | D:7      | Reached XP level 9. HP: 37/37 MP: 14/14
 10080 | D:7      | Learned a level 3 spell: Spider Form
 10164 | D:7      | Found Vaitoulo's General Store.
 10168 | D:7      | Found Megufats's Specific Store.
 10172 | D:7      | Bought a scroll of noise for 13 gold pieces
 10173 | D:7      | Bought a scroll of fog for 26 gold pieces
 11849 | D:4      | Found a broken altar of Ashenzari.
 11852 | D:4      | Found a radiant altar of Vehumet.
 12405 | D:3      | Found Edgheetsuja's Jewellery Shoppe.
 12492 | D:3      | Found a large runed translucent door.
 12492 | D:3      | Found a large runed translucent door.
 12929 | D:3      | Found Edgheetsuja's Jewellery Shoppe.
 13016 | D:3      | Found a large runed translucent door.
 13016 | D:3      | Found a large runed translucent door.
 13264 | D:8      | Identified the +2 hand axe of Loow {venom, *Slow Int+3}
 13695 | D:8      | Noticed Pikel
 14062 | D:8      | Reached skill level 7 in Dodging
 15536 | D:8      | Noticed a deep elf pyromancer
 15544 | D:8      | Noticed a death knight
 15544 | D:8      | Noticed an ogre mage
 15811 | D:8      | Reached skill level 8 in Dodging
 15890 | D:8      | Killed a death knight
 15891 | D:8      | Reached XP level 10. HP: 32/42 MP: 7/17
 16023 | D:8      | Killed an ogre mage
 16367 | D:8      | Found a glowing golden altar of the Shining One.
 16647 | D:8      | Killed Pikel
 16741 | D:8      | Reached skill level 9 in Dodging
 17212 | D:8      | Killed a deep elf pyromancer
 17213 | D:8      | Reached skill level 5 in Unarmed Combat
 17633 | D:8      | Found a glowing golden altar of the Shining One.
 17859 | D:8      | Noticed Grum
 17896 | D:8      | Killed Grum
 18550 | D:3      | Killed ChaosChampion's ghost
 18884 | D:9      | Reached skill level 1 in Evocations
 19804 | D:9      | Reached skill level 5 in Spellcasting
 19804 | D:9      | Reached XP level 11. HP: 16/46 MP: 19/19
 20238 | D:3      | Bought the ring of Naheu {Fly rF+ rC+ Dex-2} for 369 gold
                  | pieces
 20477 | D:10     | Entered Level 10 of the Dungeon
 20708 | D:10     | Found a flagged portal.
 20717 | Bailey   | Entered a bailey
 20729 | Bailey   | Reached * piety under Sif Muna
 21172 | Bailey   | Reached ** piety under Sif Muna
 21202 | Bailey   | Reached skill level 10 in Dodging
 21369 | Bailey   | Noticed an orc knight
 21401 | Bailey   | Killed an orc knight
 21461 | Bailey   | Noticed an orc knight
 21481 | Bailey   | Noticed an orc knight
 21519 | Bailey   | Killed an orc knight
 21520 | Bailey   | Reached skill level 5 in Fighting
 21520 | Bailey   | Reached skill level 1 in Invocations
 21535 | Bailey   | Noticed an orc warlord
 21557 | Bailey   | Noticed an orc knight
 21586 | Bailey   | Killed an orc knight
 21708 | Bailey   | Killed an orc knight
 21919 | Bailey   | Killed an orc warlord
 21920 | Bailey   | Reached skill level 10 in Stealth
 22124 | D:10     | Noticed Maurice
 22131 | D:10     | Killed Maurice
 22665 | D:10     | Reached *** piety under Sif Muna
 22697 | D:10     | Reached skill level 11 in Dodging
 22721 | D:10     | Noticed Joseph
 22730 | D:10     | Killed Joseph
 22895 | D:11     | Noticed a death yak
 23063 | D:11     | Noticed a red ugly thing
 23098 | D:11     | Killed a red ugly thing
 23128 | D:11     | Found a frozen archway.
 23263 | IceCv    | Entered an ice cave
 23684 | IceCv    | Noticed a white ugly thing
 23731 | IceCv    | Killed a white ugly thing
 23732 | IceCv    | Gained mutation: Your thick and shaggy fur keeps you warm.
                  | (AC +3, rC+) [Felid growth]
 23732 | IceCv    | Reached XP level 12. HP: 32/51 MP: 20/21
 24205 | IceCv    | Slain by a spriggan simulacrum
 24206 | IceCv    | Reached XP level 11. HP: -2/48 MP: 29/29
 24430 | IceCv    | Noticed a reaper
 25290 | IceCv    | Reached **** piety under Sif Muna
 26354 | IceCv    | Reached skill level 12 in Dodging
 26354 | IceCv    | Reached XP level 12. HP: 42/53 MP: 22/22
 26355 | IceCv    | Reached skill level 13 in Dodging
 26355 | IceCv    | Reached XP level 13. HP: 45/57 MP: 23/23
 26605 | IceCv    | Mangled by a dire elephant simulacrum
 26606 | IceCv    | Reached XP level 12. HP: -7/54 MP: 28/31
 26847 | IceCv    | Slain by an ice beast
 26848 | IceCv    | Reached XP level 11. HP: 0/50 MP: 30/30
 26921 | IceCv    | Slain by a troll simulacrum

Illustrated notes

Levels and vault maps discovered:
D:1:      dpeg_arrival_arbitrary_a, layout_loops_ring
D:2:      minmay_chambers_of_ones, layout_basic,
          shapermc_ecumenical_altar_hornbeckon, uniq_jessica
D:3:      layout_loops_ring, serial_shops, nicolae_shop_window_shopping,
          ebering_ghost_disaster_area, st_stairs_10, minivault_14
D:4:      layout_basic, mainiacjoe_overflow_tiny_flanked, jmf_multi_god_temple2
D:5:      layout_loops_corners, marbit_many_paths
D:6:      nicolae_cairo_tiling, layout_loops_ring, lightli_temple_of_fire
D:7:      layout_loops_cross, minmay_temple_entry_sparse_star,
          nicolae_stop_n_shop_1, nicolae_specific_store, hangedman_glass_teeth,
          moated_statue, minmay_liquid_box
D:8:      nzn_winding_woodlands_three_and_one [nzn_winding_woodlands_5x15_pool,
          nzn_winding_woodlands_5x15_twine, nzn_winding_woodlands_5x15_crooked,
          nzn_winding_woodlands_center_lodge], layout_basic,
          mainiacjoe_overflow_small_starburst, minivault_26, uniq_pikel,
          uniq_grum
D:9:      layout_basic
D:10:     layout_loops_ring, enter_bailey_3, uniq_maurice, uniq_joseph
D:11:     layout_rooms, dpeg_lair_monsters, serial_shops,
          nicolae_shop_window_shopping, portal_ice_cave_entry_pillars_1
Temple:   minmay_temple_bridge_d
IceCv:    ice_cave_caverns_02

Skill      XL: |  1  2  3  4  5  6  7  8  9 10 11 12 |
---------------+-------------------------------------+-----
Stealth        | 3 4 5 7 8 9 11 | 11.7
Dodging        | 3 4 5 6 8 9 12 13 | 13.2
Transmutations | 2 3 4 |  4.5
Air Magic      | 1 2 3 |  3.5
Poison Magic   | 3 4 5 6 7 8 |  8.9
Unarmed Combat | 1 2 4 5 8 9 |  9.2
Fighting       | 1 2 3 4 6 7 |  7.3
Conjurations   | 1 3 |  3.5
Spellcasting   | 3 4 5 6 |  6.1
Evocations     | 2 4 |  4.0
Invocations    | 4 |  4.1

Action                   |  1- 3 |  4- 6 |  7- 9 | 10-12 | 13-15 || total
-------------------------+-------+-------+-------+-------+-------++-------
Melee: Unarmed           |     4 |    49 |   256 |   331 |     1 ||   641
       Bite              |       |     3 |    24 |    24 |       ||    51
       Headbutt          |       |     3 |    21 |    16 |       ||    40
       Punch             |       |       |       |     3 |       ||     3
 Cast: Sting             |    29 |    70 |    66 |    98 |     7 ||   270
       Poisonous Vapours |     5 |    48 |    74 |   139 |       ||   266
       Beastly Appendage |       |     3 |    18 |     8 |       ||    29
       Mephitic Cloud    |       |       |    16 |    12 |       ||    28
       Spider Form       |       |       |     4 |     2 |       ||     6
       Olgreb's Toxic Ra |       |       |       |    26 |       ||    26
Evoke: Wand              |       |       |    10 |    25 |     8 ||    43
  Use: Scroll            |       |     7 |     1 |    11 |       ||    19
       Potion            |       |       |       |     2 |       ||     2
 Stab: Sleeping          |       |     3 |     7 |    14 |       ||    24
       Confused          |       |       |     5 |     2 |       ||     7
       Paralysed         |       |       |       |     7 |       ||     7
       Distracted        |       |       |       |     9 |       ||     9
Armor: Skin              |       |     1 |    22 |    20 |     1 ||    44
Dodge: Dodged            |    10 |    53 |   225 |   322 |     2 ||   612
Block: Other             |       |    15 |    48 |    80 |       ||   143
       Reflection        |       |     1 |     1 |     3 |       ||     5

Table legend: (Time is in decaauts)
 A = Elapsed time spent in this place.
 B = Non-inter-level travel time spent in this place.
 C = Inter-level travel time spent in this place.
 D = Time resting spent in this place.
 E = Time spent auto-exploring this place.
 F = Levels seen in this place.
 G = Mean time per level.
                   A        B        C        D        E       F      G
               +--------+--------+--------+--------+--------+-----+--------+
         Total |  23670 |  22254 |   1416 |   8743 |   7107 |  14 | 1690.7 |
       Dungeon |  18803 |  17503 |   1300 |   6531 |   6681 |  11 | 1709.4 |
        Temple |    299 |    183 |    116 |      0 |    170 |   1 |  299.0 |
        Bailey |   1236 |   1236 |      0 |    455 |     77 |   1 | 1236.0 |
      Ice Cave |   3332 |   3332 |      0 |   1756 |    177 |   1 | 3332.0 |
               +--------+--------+--------+--------+--------+-----+--------+

Top non-repeatable levels by time:
     D:8: 4210 daAuts
   IceCv: 3332 daAuts
     D:6: 2630 daAuts
     D:4: 1968 daAuts
     D:5: 1923 daAuts
     D:3: 1796 daAuts
     D:7: 1582 daAuts
     D:9: 1321 daAuts
  Bailey: 1236 daAuts
     D:2: 1191 daAuts
     D:1: 959 daAuts
    D:10: 933 daAuts
  Temple: 299 daAuts
    D:11: 285 daAuts
